 Dungeon Crawl Stone Soup version 0.28.0-53-g5a82cb258f (webtiles) character file.

Game seed: 8008722360776056408

89 H0rd4k the Charlatan (level 4, 0/48 HPs)
             Began as a Human Artificer on July 7, 2022.
             Succumbed to an adder's poison
             ... on level 2 of the Dungeon.
             The game lasted 00:03:11 (3195 turns).

H0rd4k the Charlatan (Human Artificer)              Turns: 3195, Time: 00:03:12

Health: 0/48       AC:  5    Str: 13    XL:     4   Next: 84%
Magic:  4/4        EV: 12    Int: 13    God:
Gold:   88         SH:  0    Dex: 13    Spells: 3/3 levels left

rFire   . . .      SeeInvis .   a - +0 club
rCold   . . .      Faith    .   (no shield)
rNeg    . . .      Spirit   .   b - +0 leather armour
rPois   .          Reflect  .   (no helmet)
rElec   .          Harm     .   i - +1 cloak
rCorr   .          Rampage  .   (no gloves)
Will    .....                   (no boots)
Stlth   ..........              (no amulet)
HPRegen 0.16/turn               (no ring)
MPRegen 0.09/turn               (no ring)

@: berserking, lethally poisoned (0 -> -3), very quick
A: no striking features
a: no special abilities


You were on level 2 of the Dungeon.
You visited 1 branch of the dungeon, and saw 2 of its levels.

You collected 88 gold pieces.

Inventory:

Hand Weapons
 a - a +0 club (weapon)
 c - a +0 dagger of holy wrath
Armour
 b - a +0 leather armour (worn)
 i - a +1 cloak (worn)
Jewellery
 k - an amulet of guardian spirit
Wands
 d - a wand of charming (8)
Scrolls
 h - 3 scrolls of identify {unknown}
 j - a scroll of blinking {unknown}
Potions
 f - 2 potions of berserk rage
 g - a potion of invisibility {unknown}
 l - a potion of cancellation {unknown}
Miscellaneous
 e - a piece from Xom's chessboard (15/15)


   Skills:
 + Level 1.4 Fighting
 + Level 1.8 Maces & Flails
 - Level 2.0 Armour
 + Level 2.4 Dodging
 - Level 1.0 Stealth
 + Level 3.8 Evocations


You had 3 spell levels left.
You didn't know any spells.
Your spell library contained the following spells:

 Spells                   Type           Power      Damage    Failure   Level
 Portal Projectile        Hex/Tloc       0%         N/A       75%         3
 Blade Hands              Tmut           0%         N/A       100%        5
 Excruciating Wounds      Necr           0%         N/A       100%        5
 Borgnjor's Revivificati  Necr           0%         N/A       100%        8
 Necromutation            Tmut/Necr      0%         N/A       100%        8
 Death's Door             Necr           0%         N/A       100%        9


Dungeon Overview and Level Annotations

Branches:
Dungeon (2/15)

Altars:
Ashenzari

Annotations:
D:2 1 exclusion


Message History

You closely miss the adder.
The adder is moderately wounded.
You feel sick. The adder bites you.
You completely miss the adder.
The adder is moderately wounded.
You feel sick. The adder bites you but does no damage. The adder bites you.
You barely miss the adder.
The adder is moderately wounded.
You feel sick. The adder bites you.
* * * LOW HITPOINT WARNING * * *
The adder bites you but does no damage.
You miss the adder.
The adder is moderately wounded.
You feel sick. The adder closely misses you.
You closely miss the adder.
The adder is moderately wounded.
You feel sick.
You are no longer poisoned.
The adder bites you.
* * * LOW HITPOINT WARNING * * *
You are lethally poisoned!
The adder poisons you! The adder bites you but does no damage.
Aiming: Charm
Press: ? - help, Shift-Dir - straight line, f - adder
Aim: an adder (moderately wounded, chance to affect: 67%)
The adder struggles to resist.
* * * LOW HITPOINT WARNING * * *
You feel sick. The adder bites you but does no damage.
Unknown command.
Aiming: Charm
Press: ? - help, Shift-Dir - straight line, f/p - adder
Aim: an adder (moderately wounded, chance to affect: 67%)
The adder is charmed.
* * * LOW HITPOINT WARNING * * *
You feel sick.
Unknown command.
It was a potion of berserk rage.
A red film seems to cover your vision as you go berserk!
You feel yourself moving faster!
You feel mighty!
You die...

?($#..#
#.#
?()#..#
#.#
####..#
#.#
......#
#.#
.....
#.#
#####
#.# #.#
#.# #@#
#S# #.#
#.# #.#
..# ###


You could see a friendly adder (charmed).

Vanquished Creatures
  2 adders (D:2)
  4 dart slugs (D:2)
  An orc (D:2)
  3 ball pythons (D:2)
  6 bats
  An endoplasm (D:2)
  A giant cockroach (D:2)
  8 goblins
  3 hobgoblins (D:2)
  12 jackals
  A quokka (D:1)
  2 frilled lizards (D:2)
  5 kobolds
  3 rats
52 creatures vanquished.

Vanquished Creatures (collateral kills)
  2 hobgoblins
  A jackal (D:1)
  A rat (D:1)
4 creatures vanquished.

Vanquished Creatures (others)
  2 jackals (D:1)
  A fungus (D:1)
  10 plants (D:1)
13 creatures vanquished.

Grand Total: 69 creatures vanquished

Notes
Turn   | Place    | Note
-------+----------+-------------------------------------------
     0 | D:1      | H0rd4k the Human Artificer began the quest for the Orb.
     0 | D:1      | Reached XP level 1. HP: 15/15 MP: 1/1
   254 | D:1      | Reached XP level 2. HP: 6/21 MP: 2/2
   760 | D:1      | Found a faded altar of an unknown god.
   804 | D:1      | Reached XP level 3. HP: 6/26 MP: 3/3
  1564 | D:2      | Found a broken altar of Ashenzari.
  1617 | D:2      | Reached skill level 1 in Maces & Flails
  1739 | D:2      | Reached XP level 4. HP: 30/32 MP: 4/4
  3193 | D:2      | HP: 1/32 [poisoned by an adder]
  3195 | D:2      | Succumbed to an adder's poison

Illustrated notes

Levels and vault maps discovered:
D:1:      wander_arrival_fairy_ring, layout_rooms,
          hellmonk_ecumenical_altar_dog_temple
D:2:      minmay_thinvault, layout_basic, basic_altar, due_unseen_surprise

Skill      XL: |  1  2  3 |
---------------+----------+-----
Maces & Flails | 1 |  1.8
Dodging        | 2 |  2.4
Fighting       | |  1.4
Armour         | |  2.0
Stealth        | |  1.0
Evocations     | |  3.8

Action                   |  1- 3 |  4- 6 || total
-------------------------+-------+-------++-------
Melee: Club              |   150 |   149 ||   299
       Punch             |     1 |     3 ||     4
Evoke: Wand              |    17 |     5 ||    22
  Use: Potion            |       |     1 ||     1
 Stab: Sleeping          |       |     1 ||     1
Armor: Leather armour    |    73 |    65 ||   138
Dodge: Dodged            |   126 |   116 ||   242
